Penguins vs Capitals

Created - January 30, 2025 at 22:23

Goals
1 2 3 T
Penguins 1 2 0 3
Capitals 3 1 2 6
Shots
1 2 3 T
Penguins 12 8 6 26
Capitals 16 17 9 42

1st period

1. Capitals , Taylor Hall 17 (Brandon Gormley 16) at 6:54 (PP)
2. Capitals , Marko Dano 15 (Colten Teubert 4, Joe Colborne 14) at 14:12
3. Penguins , Brandon Tanev 8 (John Tavares 25, Nick Leddy 8) at 15:43 (SH)
4. Capitals , Patrick Kane 21 (Alexei Marchenko 13) at 16:01 (PP)

Penalties :
Mark Scheifele (Pit) for Delaying the game (Minor) at 6:44, Adam Fox (Pit) for Tripping (Minor) at 14:21

2nd period

5. Capitals , Phil Kessel 7 (Blake Pietila 13, Cody Hodgson 11) at 2:00
6. Penguins , John Tavares 19 (Mark Scheifele 20) at 16:25
7. Penguins , Brandon Tanev 9 (Nick Leddy 9) at 17:32

Penalties :
Mike Green (Was) for Hooking (Minor) at 17:39

3rd period

8. Capitals , Patrick Kane 22 (Taylor Hall 22) at 1:58
9. Capitals , Brandon Gormley 5 (Alexei Marchenko 14) at 19:51 (PP)

Penalties :
Oscar Klefbom (Pit) for Roughing (Minor) at 10:18, Kirill Kaprizov (Pit) for Tripping (Minor) at 13:18, John Tavares (Pit) for Roughing (Minor) at 19:18

Goalie Stats

Jeremy Swayman (Pit), 21 saves from 23 shots - (0.913), 38:00 minutes
Ondrej Pavelec (Pit), 15 saves from 19 shots - (0.789), L, 12-9-2, 22:00 minutes
Cory Schneider (Was), 23 saves from 26 shots - (0.885), W, 18-12-2, 60:00 minutes

Players Stats for Penguins

Player Name              G  A  P  +/- PIM S  H  SB GA TA FO     MP     PP MP  PK MP  
------------------------------------------------------------------------------------
Adam Fox                 0  0  0  -1  2   1  1  0  1  1  0/0    24:30   1:17   1:43 
Brandon Tanev            2  0  2   2  0   3  0  0  0  1  0/0     8:25   0:00   1:22 
Colin Wilson             0  0  0   1  0   0  0  0  0  1  0/2     8:35   0:01   1:20 
Gavin Bayreuther         0  0  0   0  0   0  0  0  1  0  0/0    14:30   0:42   0:00 
Iven Barbashev           0  0  0   1  0   0  1  0  0  0  0/0     8:23   0:01   1:08 
Jeff Carter              0  0  0   0  0   1  0  0  0  0  1/4    11:14   0:00   0:00 
John Tavares             1  1  2   0  2   3  1  0  1  0  22/33  20:07   1:02   1:17 
Keith Aulie              0  0  0   1  0   1  1  1  0  3  0/0    21:18   0:42   4:15 
Kirill Kaprizov          0  0  0  -1  2   5  4  0  0  0  0/1    16:18   0:56   0:00 
Marcus Foligno           0  0  0   0  0   2  0  0  0  0  0/0    15:05   0:00   3:51 
Mark Scheifele           0  1  1  -1  2   3  1  1  0  1  4/8    22:46   1:03   3:44 
Mathew Barzal            0  0  0  -1  0   1  0  1  2  0  1/1    16:19   0:56   0:00 
Nick Blankenburg         0  0  0   1  0   0  0  0  0  1  0/0    15:31   0:00   2:40 
Nick Leddy               0  2  2   0  0   1  0  1  0  0  0/0    17:44   0:00   1:06 
Oscar Klefbom            0  0  0  -1  2   2  1  3  0  1  0/0    26:29   1:17   2:58 
Pavel Zacha              0  0  0  -1  0   0  2  0  1  0  0/1    18:47   1:02   0:00 
Sebastian Aho            0  0  0  -1  0   3  1  0  0  0  4/7    16:19   0:56   0:00 
Tom Wilson               0  0  0   0  0   0  2  0  0  0  0/0    11:14   0:00   0:00 

Players Stats for Capitals

Player Name              G  A  P  +/- PIM S  H  SB GA TA FO     MP     PP MP  PK MP  
------------------------------------------------------------------------------------
Alexei Marchenko         0  2  2   0  0   1  1  3  0  2  0/0    27:17   4:04   1:10 
Blake Pietila            0  1  1   0  0   4  0  1  0  0  0/0    11:54   0:00   0:34 
Brandon Burlon           0  0  0   2  0   1  2  0  0  0  0/0    13:24   0:00   0:14 
Brandon Gormley          1  1  2   0  0   3  2  1  0  1  0/0    27:19   4:04   1:12 
Cody Hodgson             0  1  1   0  0   3  1  1  1  0  1/5    14:19   2:34   0:34 
Colten Teubert           0  1  1   2  0   2  1  1  0  0  0/0    13:14   0:00   0:04 
Jeff Skinner             0  0  0  -1  0   2  2  0  0  0  0/0     9:43   0:00   0:00 
Jerry D'Amigo            0  0  0  -1  0   2  1  0  0  0  0/0    10:44   0:00   0:00 
Joe Colborne             0  1  1   1  0   2  2  1  0  0  2/8    14:28   0:03   0:00 
Marko Dano               1  0  1   1  0   6  1  0  0  1  0/0    16:55   2:34   0:24 
Mike Green               0  0  0  -2  2   0  0  0  0  0  0/0    19:01   2:17   0:00 
Nicklas Backstrom        0  0  0   0  0   0  3  0  2  1  15/31  20:48   3:44   0:24 
Nicolas Aube-Kubel       0  0  0   1  0   0  0  0  1  0  0/0    16:29   2:34   0:00 
Patrick Kane             2  0  2   0  0   8  1  0  0  0  1/3    21:37   3:47   1:01 
Phil Kessel              1  0  1   0  0   1  0  0  0  0  0/0     9:54   0:00   0:00 
Sergey Kalinin           0  0  0  -1  0   0  0  0  1  0  3/6     9:24   0:00   0:00 
Shea Theodore            0  0  0  -2  0   1  0  0  2  0  0/0    20:02   2:17   1:18 
Taylor Hall              1  1  2   0  0   6  4  0  2  1  3/4    21:28   3:47   1:01 

3 Stars

1 - Patrick Kane (Was)
2 - Taylor Hall (Was)
3 - Brandon Tanev (Pit)

Power Play

Penguins - 0 on 1 Attempt(s) - 0.00%
Capitals - 3 on 5 Attempt(s) - 60.00%

Penalty Kill

Penguins - 2 on 5 Attempt(s) - 40.00% - Score 1 goal in Penalty Kill
Capitals - 1 on 1 Attempt(s) - 100.00% - Score 0 goal in Penalty Kill

Team Stat

Penguins - Hits : 15 - Faceoff Wins : 32 - Blocked Shots : 7 - Penalty Minutes : 10
Capitals - Hits : 21 - Faceoff Wins : 25 - Blocked Shots : 8 - Penalty Minutes : 2

Official

Referees : Wes McCauley and Jon McIsaac
Linesman : Ryan Galloway and Matt MacPherson

Game Notes

15:43 of 1st period - Penguins goal is going for a video replay. After video review, Goal.
Jeremy Swayman enters game at 2:00 of 2nd period

Finance

Level 1 -- Attendance: 5584 (93.07%) -- Ticket Income $558,400
Level 2 -- Attendance: 5000 (100.00%) -- Ticket Income $350,000
Level 3 -- Attendance: 1828 (91.40%) -- Ticket Income $73,120
Level 4 -- Attendance: 4000 (100.00%) -- Ticket Income $120,000
Luxury Box -- Attendance: 1000 (100.00%) -- Ticket Income $200,000
Game was played at the Capital One Arena.
Total Attendance: 17412 (96.73%)
Total Ticket Income: $1,301,520
Other Income: $195,228
Total Income: $1,496,748

Penguins

5 vs 5 Forward 
   Center                   Left Wing                Right Wing               Time % Phy DF OF 
 1 John Tavares             Pavel Zacha              Mark Scheifele           40     1   2  2  
 2 Sebastian Aho            Kirill Kaprizov          Mathew Barzal            30     1   2  2  
 3 Jeff Carter              Marcus Foligno           Tom Wilson               20     1   2  2  
 4 Colin Wilson             Iven Barbashev           Brandon Tanev            10     1   2  2  

5 vs 5 Defense 
   Defense                  Defense                                           Time % Phy DF OF 
 1 Adam Fox                 Oscar Klefbom                                     45     1   2  2  
 2 Keith Aulie              Nick Leddy                                        35     1   2  2  
 3 Gavin Bayreuther         Nick Blankenburg                                  20     1   2  2  
 4 Oscar Klefbom            Nick Leddy                                        0      1   2  2  

PowerPlay Forward 
   Center                   Left Wing                Right Wing               Time % Phy DF OF 
 1 John Tavares             Pavel Zacha              Mark Scheifele           60     0   2  3  
 2 Sebastian Aho            Kirill Kaprizov          Mathew Barzal            40     0   2  3  

PowerPlay Defense
   Defense                  Defense                                           Time % Phy DF OF 
 1 Adam Fox                 Oscar Klefbom                                     60     0   2  3  
 2 Keith Aulie              Gavin Bayreuther                                  40     0   2  3  

Penalty Kill 4 Players Forward 
   Center                   Wing                     Time % Phy DF OF 
 1 Mark Scheifele           Marcus Foligno           60     1   3  1  
 2 John Tavares             Brandon Tanev            40     1   3  1  

Penalty Kill 4 Players Defense
   Defense                  Defense                  Time % Phy DF OF 
 1 Oscar Klefbom            Keith Aulie              60     1   3  1  
 2 Adam Fox                 Nick Blankenburg         40     1   3  1  

Penalty Kill - 3 Players Forward 
   Forward                                           Time % Phy DF OF 
 1 Marcus Foligno                                    60     1   3  1  
 2 John Tavares                                      40     1   3  1  

Penalty Kill - 3 Players Defense
   Defense                  Defense                  Time % Phy DF OF 
 1 Oscar Klefbom            Keith Aulie              60     1   3  1  
 2 Adam Fox                 Nick Blankenburg         40     1   3  1  

4 vs 4 Forward 
   Center                   Wing                     Time % Phy DF OF 
 1 John Tavares             Mark Scheifele           60     1   2  2  
 2 Sebastian Aho            Pavel Zacha              40     1   2  2  

4 vs 4 Defense
   Defense                  Defense                  Time % Phy DF OF 
 1 Adam Fox                 Oscar Klefbom            50     1   2  2  
 2 Keith Aulie              Nick Leddy               50     1   2  2  

Last Minutes Offensive
   Center                   Left Wing                Right Wing               Defense                  Defense                  
   John Tavares             Pavel Zacha              Mark Scheifele           Adam Fox                 Oscar Klefbom            

Last Minutes Defensive
   Center                   Left Wing                Right Wing               Defense                  Defense                  
   John Tavares             Marcus Foligno           Tom Wilson               Keith Aulie              Oscar Klefbom            

Goaltenders
Starting : Ondrej Pavelec           
Backup : Jeremy Swayman           

Extra Forwards
Normal : John Tavares, Sebastian Aho, Marcus Foligno - PP : John Tavares, Sebastian Aho - PK : Marcus Foligno
Extra Defensemen
Normal : Oscar Klefbom, Keith Aulie, Nick Blankenburg - PP : Adam Fox - PK : Oscar Klefbom, Keith Aulie
Penalty Shots
Mark Scheifele, John Tavares, Sebastian Aho, Kirill Kaprizov, Pavel Zacha
Custom OT Lines Forwards
John Tavares, Mark Scheifele, Sebastian Aho, Kirill Kaprizov, Pavel Zacha, Mathew Barzal, Marcus Foligno, Colin Wilson, Tom Wilson, Iven Barbashev
Custom OT Lines Defensemen
Oscar Klefbom, Adam Fox, Keith Aulie, Nick Leddy, Gavin Bayreuther

Scratches
Nikita Tryamkin (Healthy)

Capitals

5 vs 5 Forward 
   Center                   Left Wing                Right Wing               Time % Phy DF OF 
 1 Nicklas Backstrom        Taylor Hall              Patrick Kane             40     0   1  4  
 2 Joe Colborne             Marko Dano               Nicolas Aube-Kubel       30     0   1  4  
 3 Cody Hodgson             Blake Pietila            Phil Kessel              20     0   1  4  
 4 Sergey Kalinin           Jeff Skinner             Jerry D'Amigo            10     0   2  3  

5 vs 5 Defense 
   Defense                  Defense                                           Time % Phy DF OF 
 1 Brandon Gormley          Alexei Marchenko                                  40     0   3  2  
 2 Mike Green               Shea Theodore                                     30     0   3  2  
 3 Colten Teubert           Brandon Burlon                                    20     0   3  2  
 4 Brandon Gormley          Alexei Marchenko                                  10     0   3  2  

PowerPlay Forward 
   Center                   Left Wing                Right Wing               Time % Phy DF OF 
 1 Nicklas Backstrom        Taylor Hall              Patrick Kane             60     0   0  5  
 2 Cody Hodgson             Marko Dano               Nicolas Aube-Kubel       40     0   0  5  

PowerPlay Defense
   Defense                  Defense                                           Time % Phy DF OF 
 1 Brandon Gormley          Alexei Marchenko                                  60     0   2  3  
 2 Mike Green               Shea Theodore                                     40     0   2  3  

Penalty Kill 4 Players Forward 
   Center                   Wing                     Time % Phy DF OF 
 1 Patrick Kane             Taylor Hall              60     0   4  1  
 2 Nicklas Backstrom        Marko Dano               40     0   4  1  

Penalty Kill 4 Players Defense
   Defense                  Defense                  Time % Phy DF OF 
 1 Brandon Gormley          Alexei Marchenko         60     0   4  1  
 2 Mike Green               Shea Theodore            40     0   4  1  

Penalty Kill - 3 Players Forward 
   Forward                                           Time % Phy DF OF 
 1 Patrick Kane                                      60     0   5  0  
 2 Taylor Hall                                       40     0   5  0  

Penalty Kill - 3 Players Defense
   Defense                  Defense                  Time % Phy DF OF 
 1 Brandon Gormley          Alexei Marchenko         60     0   5  0  
 2 Mike Green               Shea Theodore            40     0   5  0  

4 vs 4 Forward 
   Center                   Wing                     Time % Phy DF OF 
 1 Patrick Kane             Taylor Hall              60     0   1  4  
 2 Nicklas Backstrom        Marko Dano               40     0   1  4  

4 vs 4 Defense
   Defense                  Defense                  Time % Phy DF OF 
 1 Brandon Gormley          Alexei Marchenko         60     0   3  2  
 2 Mike Green               Shea Theodore            40     0   3  2  

Last Minutes Offensive
   Center                   Left Wing                Right Wing               Defense                  Defense                  
   Nicklas Backstrom        Taylor Hall              Patrick Kane             Brandon Gormley          Alexei Marchenko         

Last Minutes Defensive
   Center                   Left Wing                Right Wing               Defense                  Defense                  
   Nicklas Backstrom        Taylor Hall              Patrick Kane             Brandon Gormley          Alexei Marchenko         

Goaltenders
Starting : Cory Schneider           
Backup : Chet Pickard             

Extra Forwards
Normal : Taylor Hall, Patrick Kane, Marko Dano - PP : Taylor Hall, Patrick Kane - PK : Patrick Kane
Extra Defensemen
Normal : Brandon Gormley, Shea Theodore, Alexei Marchenko - PP : Shea Theodore - PK : Alexei Marchenko, Brandon Gormley
Penalty Shots
Patrick Kane, Taylor Hall, Nicklas Backstrom, Marko Dano, Jeff Skinner
Custom OT Lines Forwards
Patrick Kane, Taylor Hall, Nicklas Backstrom, Marko Dano, Jeff Skinner, Cody Hodgson, Blake Pietila, Joe Colborne, Nicolas Aube-Kubel, Phil Kessel
Custom OT Lines Defensemen
Brandon Gormley, Alexei Marchenko, Mike Green, Shea Theodore, Colten Teubert

Scratches
Bobby Ryan (Suspend)

% Time on Ice - Penguins

Lines # - Real PCT - Wanted PCT - Time Play
Normal Forward
1 - 35% - 40% - 18:00
2 - 30% - 30% - 15:27
3 - 22% - 20% - 11:14
4 - 14% - 10% - 6:59
Normal Defense
1 - 43% - 45% - 22:15
2 - 32% - 35% - 16:34
3 - 25% - 20% - 12:51
4 - 0% - 0% - 0:00
PP Forward
1 - 53% - 60% - 1:03
2 - 47% - 40% - 0:56
PP Defense
1 - 65% - 60% - 1:17
2 - 35% - 40% - 0:42
PK Forward
1 - 78% - 60% - 4:59
2 - 22% - 40% - 1:22
PK Defense
1 - 78% - 60% - 4:57
2 - 22% - 40% - 1:24
PK3 Forward
1 - 0% - 60%
2 - 0% - 40%
PK3 Defense
1 - 0% - 60%
2 - 0% - 40%
44 Forward
1 - 0% - 60%
2 - 0% - 40%
44 Defense
1 - 0% - 50%
2 - 0% - 50%
Last Minute Offensive  - 0:00
Last Minute Defensive  - 0:00
Total
Forward - 60:00
Defense - 60:00

% Time on Ice - Capitals

Lines # - Real PCT - Wanted PCT - Time Play
Normal Forward
1 - 32% - 40% - 16:45
2 - 31% - 30% - 15:56
3 - 19% - 20% - 9:35
4 - 18% - 10% - 9:24
Normal Defense
1 - 38% - 40% - 19:25
2 - 33% - 30% - 16:48
3 - 25% - 20% - 12:49
4 - 5% - 10% - 2:38
PP Forward
1 - 60% - 60% - 3:47
2 - 40% - 40% - 2:34
PP Defense
1 - 64% - 60% - 4:04
2 - 36% - 40% - 2:17
PK Forward
1 - 80% - 60% - 1:35
2 - 20% - 40% - 0:24
PK Defense
1 - 31% - 60% - 0:37
2 - 69% - 40% - 1:22
PK3 Forward
1 - 0% - 60%
2 - 0% - 40%
PK3 Defense
1 - 0% - 60%
2 - 0% - 40%
44 Forward
1 - 0% - 60%
2 - 0% - 40%
44 Defense
1 - 0% - 60%
2 - 0% - 40%
Last Minute Offensive  - 0:00
Last Minute Defensive  - 0:00
Total
Forward - 60:00
Defense - 60:00

Play-by-Play

1st period


0:01 of 1st period - Nicklas Backstrom wins face-off versus John Tavares in neutral zone.
0:06 of 1st period - Snap shot by John Tavares.
0:06 of 1st period - Stopped by Cory Schneider with a rebound.
1:00 of 1st period - Shea Theodore is hit by Sebastian Aho and loses puck.
1:19 of 1st period - Slapshot by Sebastian Aho.
1:19 of 1st period - Shot Misses the Net.
1:21 of 1st period - Slapshot by Keith Aulie.
1:21 of 1st period - Stopped by Cory Schneider with a rebound.
1:23 of 1st period - Slapshot by Nick Leddy.
1:23 of 1st period - Shot Misses the Net.
1:25 of 1st period - Wrist shot by Mathew Barzal.
1:25 of 1st period - Stopped by Cory Schneider without a rebound.
1:26 of 1st period - Nicklas Backstrom wins face-off versus Jeff Carter in Capitals zone.
2:02 of 1st period - Wrist shot by Marko Dano.
2:02 of 1st period - Stopped by Ondrej Pavelec without a rebound.
2:03 of 1st period - Nicklas Backstrom wins face-off versus Colin Wilson in Penguins zone.
2:04 of 1st period - Wrist shot by Taylor Hall.
2:04 of 1st period - Shot Misses the Net.
2:06 of 1st period - Slapshot by Alexei Marchenko.
2:06 of 1st period - Shot Misses the Net.
2:08 of 1st period - Slapshot by Brandon Gormley.
2:08 of 1st period - Shot Blocked by Oscar Klefbom.
2:39 of 1st period - Snap shot by Mark Scheifele.
2:39 of 1st period - Stopped by Cory Schneider with a rebound.
2:41 of 1st period - Backhand shot by Mark Scheifele.
2:41 of 1st period - Shot Misses the Net.
2:43 of 1st period - Snap shot by John Tavares.
2:43 of 1st period - Shot Misses the Net.
3:23 of 1st period - Wrist shot by Sebastian Aho.
3:23 of 1st period - Stopped by Cory Schneider with a rebound.
3:25 of 1st period - Snap shot by Kirill Kaprizov.
3:25 of 1st period - Stopped by Cory Schneider without a rebound.
3:26 of 1st period - John Tavares wins face-off versus Nicklas Backstrom in Capitals zone.
3:39 of 1st period - Wrist shot by Nicklas Backstrom.
3:39 of 1st period - Shot Misses the Net.
4:01 of 1st period - Snap shot by Marcus Foligno.
4:01 of 1st period - Deflect By Joe Colborne.
4:01 of 1st period - Stopped by Cory Schneider with a rebound.
4:47 of 1st period - Wrist shot by Sebastian Aho.
4:47 of 1st period - Stopped by Cory Schneider with a rebound.
5:34 of 1st period - Snap shot by Marko Dano.
5:34 of 1st period - Shot Misses the Net.
5:44 of 1st period - Brandon Gormley is hit by Iven Barbashev and loses puck.
6:05 of 1st period - Oscar Klefbom is hit by Taylor Hall and loses puck.
6:44 of 1st period - Minor Penalty to Mark Scheifele for Delaying the game.
6:45 of 1st period - Nicklas Backstrom wins face-off versus Colin Wilson in Penguins zone.
6:54 of 1st period - Snap shot by Taylor Hall.
6:54 of 1st period - Goal by Taylor Hall - Penguins : 0 - Capitals : 1.
6:55 of 1st period - John Tavares wins face-off versus Nicklas Backstrom in neutral zone.
8:10 of 1st period - Marcus Foligno is hit by Colten Teubert and loses puck.
8:15 of 1st period - Snap shot by Taylor Hall.
8:15 of 1st period - Stopped by Ondrej Pavelec with a rebound.
8:36 of 1st period - Icing by Mike Green.
8:37 of 1st period - Sergey Kalinin wins face-off versus John Tavares in Capitals zone.
8:53 of 1st period - Slapshot by Shea Theodore.
8:53 of 1st period - Deflect By John Tavares.
8:53 of 1st period - Stopped by Ondrej Pavelec without a rebound.
8:54 of 1st period - Nicklas Backstrom wins face-off versus Sebastian Aho in Penguins zone.
8:55 of 1st period - Wrist shot by Taylor Hall.
8:55 of 1st period - Stopped by Ondrej Pavelec with a rebound.
9:53 of 1st period - Snap shot by Marko Dano.
9:53 of 1st period - Shot Blocked by Mathew Barzal.
9:55 of 1st period - Slapshot by Nicolas Aube-Kubel.
9:55 of 1st period - Deflect By Marko Dano.
9:55 of 1st period - Stopped by Ondrej Pavelec without a rebound.
9:56 of 1st period - John Tavares wins face-off versus Nicklas Backstrom in Penguins zone.
9:56 of 1st period - John Tavares is hit by Taylor Hall.
10:02 of 1st period - Patrick Kane is hit by John Tavares and loses puck.
10:23 of 1st period - Colten Teubert is hit by Tom Wilson and loses puck.
10:46 of 1st period - Wrist shot by Colin Wilson.
10:46 of 1st period - Shot Misses the Net.
11:17 of 1st period - Pavel Zacha is hit by Alexei Marchenko and loses puck.
11:37 of 1st period - Marcus Foligno is hit by Nicklas Backstrom and loses puck.
11:58 of 1st period - Wrist shot by Blake Pietila.
11:58 of 1st period - Stopped by Ondrej Pavelec without a rebound.
11:59 of 1st period - Sebastian Aho wins face-off versus Cody Hodgson in Penguins zone.
12:26 of 1st period - John Tavares is hit by Nicklas Backstrom and loses puck.
13:34 of 1st period - Backhand shot by Joe Colborne.
13:34 of 1st period - Stopped by Ondrej Pavelec with a rebound.
13:46 of 1st period - Wrist shot by Marko Dano.
13:46 of 1st period - Stopped by Ondrej Pavelec with a rebound.
14:10 of 1st period - Snap shot by Joe Colborne.
14:10 of 1st period - Shot Misses the Net.
14:12 of 1st period - Slapshot by Colten Teubert.
14:12 of 1st period - Deflect By Marko Dano.
14:12 of 1st period - Goal by Marko Dano - Penguins : 0 - Capitals : 2.
14:13 of 1st period - Nicklas Backstrom wins face-off versus Mark Scheifele in neutral zone.
14:21 of 1st period - Minor Penalty to Adam Fox for Tripping.
14:22 of 1st period - Mark Scheifele wins face-off versus Nicklas Backstrom in Penguins zone.
14:32 of 1st period - Slapshot by Brandon Gormley.
14:32 of 1st period - Deflect By Mark Scheifele.
14:32 of 1st period - Stopped by Ondrej Pavelec without a rebound.
14:33 of 1st period - Nicklas Backstrom wins face-off versus Mark Scheifele in Penguins zone.
14:38 of 1st period - Snap shot by Patrick Kane.
14:38 of 1st period - Shot Blocked by Mark Scheifele.
14:40 of 1st period - Snap shot by Patrick Kane.
14:40 of 1st period - Shot Misses the Net.
14:44 of 1st period - Slapshot by Taylor Hall.
14:44 of 1st period - Shot Blocked by Keith Aulie.
14:46 of 1st period - Snap shot by Alexei Marchenko.
14:46 of 1st period - Stopped by Ondrej Pavelec with a rebound.
14:48 of 1st period - Wrist shot by Patrick Kane.
14:48 of 1st period - Stopped by Ondrej Pavelec with a rebound.
14:50 of 1st period - Snap shot by Patrick Kane.
14:50 of 1st period - Shot Misses the Net.
15:43 of 1st period - Wrist shot by Brandon Tanev.
15:43 of 1st period - Penguins goal is going for a video replay.
15:43 of 1st period - The goal is good.
15:43 of 1st period - Goal by Brandon Tanev - Penguins : 1 - Capitals : 2.
15:44 of 1st period - Mark Scheifele wins face-off versus Nicklas Backstrom in neutral zone.
16:01 of 1st period - Slapshot by Patrick Kane.
16:01 of 1st period - Goal by Patrick Kane - Penguins : 1 - Capitals : 3.
16:02 of 1st period - John Tavares wins face-off versus Nicklas Backstrom in neutral zone.
16:42 of 1st period - Wrist shot by Kirill Kaprizov.
16:42 of 1st period - Deflect By Shea Theodore.
16:42 of 1st period - Stopped by Cory Schneider with a rebound.
17:01 of 1st period - Wrist shot by Joe Colborne.
17:01 of 1st period - Shot Misses the Net.
17:03 of 1st period - Wrist shot by Joe Colborne.
17:03 of 1st period - Stopped by Ondrej Pavelec with a rebound.
17:09 of 1st period - Wrist shot by Marko Dano.
17:09 of 1st period - Shot Misses the Net.
17:31 of 1st period - Slapshot by Oscar Klefbom.
17:31 of 1st period - Shot Misses the Net.
17:43 of 1st period - Snap shot by Marko Dano.
17:43 of 1st period - Stopped by Ondrej Pavelec without a rebound.
17:44 of 1st period - John Tavares wins face-off versus Nicklas Backstrom in Penguins zone.
18:19 of 1st period - Marcus Foligno is hit by Cody Hodgson and loses puck.
18:34 of 1st period - Slapshot by Nick Leddy.
18:34 of 1st period - Stopped by Cory Schneider with a rebound.
18:36 of 1st period - Wrist shot by Brandon Tanev.
18:36 of 1st period - Stopped by Cory Schneider with a rebound.
18:42 of 1st period - Snap shot by Colin Wilson.
18:42 of 1st period - Shot Misses the Net.
18:44 of 1st period - Snap shot by Keith Aulie.
18:44 of 1st period - Shot Blocked by Colten Teubert.
18:46 of 1st period - Slapshot by Iven Barbashev.
18:46 of 1st period - Shot Misses the Net.
19:38 of 1st period - Nick Blankenburg is hit by Brandon Gormley and loses puck.
Goals for this period are 1 for Penguins vs 3 for Capitals.
Shots for this period are 12 for Penguins vs 16 for Capitals.

2nd period


0:01 of 2nd period - Taylor Hall wins face-off versus John Tavares in neutral zone.
0:26 of 2nd period - Marcus Foligno is hit by Marko Dano and loses puck.
0:31 of 2nd period - Backhand shot by Marko Dano.
0:31 of 2nd period - Stopped by Ondrej Pavelec with a rebound.
0:47 of 2nd period - Slapshot by Jeff Skinner.
0:47 of 2nd period - Stopped by Ondrej Pavelec without a rebound.
0:48 of 2nd period - John Tavares wins face-off versus Sergey Kalinin in Penguins zone.
1:22 of 2nd period - Snap shot by Kirill Kaprizov.
1:22 of 2nd period - Deflect By Patrick Kane.
1:22 of 2nd period - Shot Misses the Net.
1:22 of 2nd period - Puck is out of play.
1:23 of 2nd period - Patrick Kane wins face-off versus Sebastian Aho in Capitals zone.
2:00 of 2nd period - Snap shot by Phil Kessel.
2:00 of 2nd period - Goal by Phil Kessel - Penguins : 1 - Capitals : 4.
2:00 of 2nd period - Jeremy Swayman enters game.
2:01 of 2nd period - Nicklas Backstrom wins face-off versus John Tavares in neutral zone.
2:10 of 2nd period - Wrist shot by Patrick Kane.
2:10 of 2nd period - Stopped by Jeremy Swayman without a rebound.
2:11 of 2nd period - John Tavares wins face-off versus Nicklas Backstrom in Penguins zone.
2:20 of 2nd period - Snap shot by Taylor Hall.
2:20 of 2nd period - Shot Misses the Net.
2:35 of 2nd period - Wrist shot by Patrick Kane.
2:35 of 2nd period - Stopped by Jeremy Swayman without a rebound.
2:36 of 2nd period - Joe Colborne wins face-off versus Jeff Carter in Penguins zone.
2:48 of 2nd period - Off-side.
2:49 of 2nd period - John Tavares wins face-off versus Nicklas Backstrom in neutral zone.
3:15 of 2nd period - Marko Dano is hit by Oscar Klefbom.
3:41 of 2nd period - Snap shot by Jeff Skinner.
3:41 of 2nd period - Stopped by Jeremy Swayman without a rebound.
3:42 of 2nd period - Sergey Kalinin wins face-off versus Jeff Carter in Penguins zone.
3:43 of 2nd period - Snap shot by Jeff Skinner.
3:43 of 2nd period - Shot Blocked by Nick Leddy.
3:45 of 2nd period - Wrist shot by Colten Teubert.
3:45 of 2nd period - Shot Misses the Net.
3:47 of 2nd period - Slapshot by Colten Teubert.
3:47 of 2nd period - Shot Misses the Net.
3:49 of 2nd period - Slapshot by Jeff Skinner.
3:49 of 2nd period - Shot Hit the Post.
3:51 of 2nd period - Slapshot by Brandon Burlon.
3:51 of 2nd period - Stopped by Jeremy Swayman with a rebound.
3:53 of 2nd period - Wrist shot by Sergey Kalinin.
3:53 of 2nd period - Shot Misses the Net.
3:55 of 2nd period - Slapshot by Jerry D'Amigo.
3:55 of 2nd period - Stopped by Jeremy Swayman with a rebound.
4:09 of 2nd period - Snap shot by Jeff Skinner.
4:09 of 2nd period - Shot Misses the Net.
4:11 of 2nd period - Slapshot by Colten Teubert.
4:11 of 2nd period - Stopped by Jeremy Swayman without a rebound.
4:12 of 2nd period - Nicklas Backstrom wins face-off versus John Tavares in Penguins zone.
4:13 of 2nd period - Slapshot by Taylor Hall.
4:13 of 2nd period - Stopped by Jeremy Swayman with a rebound.
4:29 of 2nd period - Wrist shot by John Tavares.
4:29 of 2nd period - Shot Misses the Net.
5:34 of 2nd period - Slapshot by Shea Theodore.
5:34 of 2nd period - Shot Misses the Net.
5:36 of 2nd period - Wrist shot by Cody Hodgson.
5:36 of 2nd period - Stopped by Jeremy Swayman with a rebound.
6:59 of 2nd period - Wrist shot by Cody Hodgson.
6:59 of 2nd period - Stopped by Jeremy Swayman without a rebound.
7:00 of 2nd period - Cody Hodgson wins face-off versus John Tavares in Penguins zone.
7:05 of 2nd period - Snap shot by Blake Pietila.
7:05 of 2nd period - Shot Misses the Net.
7:13 of 2nd period - Snap shot by Mark Scheifele.
7:13 of 2nd period - Stopped by Cory Schneider with a rebound.
7:48 of 2nd period - Snap shot by Joe Colborne.
7:48 of 2nd period - Shot Blocked by Oscar Klefbom.
7:50 of 2nd period - Slapshot by Shea Theodore.
7:50 of 2nd period - Shot Misses the Net.
7:52 of 2nd period - Slapshot by Mike Green.
7:52 of 2nd period - Shot Misses the Net.
7:56 of 2nd period - Snap shot by Marko Dano.
7:56 of 2nd period - Shot Misses the Net.
8:05 of 2nd period - Icing by Adam Fox.
8:06 of 2nd period - Jeff Carter wins face-off versus Sergey Kalinin in Penguins zone.
8:25 of 2nd period - John Tavares is hit by Jeff Skinner and loses puck.
8:46 of 2nd period - Wrist shot by John Tavares.
8:46 of 2nd period - Stopped by Cory Schneider with a rebound.
8:48 of 2nd period - Wrist shot by Oscar Klefbom.
8:48 of 2nd period - Stopped by Cory Schneider without a rebound.
8:49 of 2nd period - Sebastian Aho wins face-off versus Nicklas Backstrom in Capitals zone.
9:51 of 2nd period - Off-side.
9:52 of 2nd period - Joe Colborne wins face-off versus John Tavares in neutral zone.
10:18 of 2nd period - Blake Pietila is hit by Adam Fox and loses puck.
10:25 of 2nd period - Snap shot by Blake Pietila.
10:25 of 2nd period - Stopped by Jeremy Swayman with a rebound.
10:27 of 2nd period - Wrist shot by Colten Teubert.
10:27 of 2nd period - Deflect By Blake Pietila.
10:27 of 2nd period - Stopped by Jeremy Swayman with a rebound.
10:29 of 2nd period - Snap shot by Colten Teubert.
10:29 of 2nd period - Stopped by Jeremy Swayman without a rebound.
10:30 of 2nd period - John Tavares wins face-off versus Joe Colborne in Penguins zone.
10:30 of 2nd period - John Tavares is hit by Joe Colborne.
12:29 of 2nd period - Icing by Shea Theodore.
12:30 of 2nd period - John Tavares wins face-off versus Cody Hodgson in Capitals zone.
12:31 of 2nd period - Snap shot by Mark Scheifele.
12:31 of 2nd period - Stopped by Cory Schneider without a rebound.
12:32 of 2nd period - Nicklas Backstrom wins face-off versus Pavel Zacha in Capitals zone.
12:47 of 2nd period - Wrist shot by Patrick Kane.
12:47 of 2nd period - Stopped by Jeremy Swayman without a rebound.
12:48 of 2nd period - Sebastian Aho wins face-off versus Joe Colborne in Penguins zone.
12:57 of 2nd period - Snap shot by Sebastian Aho.
12:57 of 2nd period - Deflect By Brandon Gormley.
12:57 of 2nd period - Stopped by Cory Schneider without a rebound.
12:58 of 2nd period - Sebastian Aho wins face-off versus Joe Colborne in Capitals zone.
13:07 of 2nd period - Wrist shot by Kirill Kaprizov.
13:07 of 2nd period - Stopped by Cory Schneider without a rebound.
13:08 of 2nd period - Nicklas Backstrom wins face-off versus John Tavares in Capitals zone.
13:08 of 2nd period - Nicklas Backstrom is hit by Pavel Zacha.
13:14 of 2nd period - Snap shot by Taylor Hall.
13:14 of 2nd period - Stopped by Jeremy Swayman without a rebound.
13:15 of 2nd period - Nicklas Backstrom wins face-off versus John Tavares in Penguins zone.
13:30 of 2nd period - Adam Fox is hit by Taylor Hall and loses puck.
13:51 of 2nd period - Slapshot by Alexei Marchenko.
13:51 of 2nd period - Shot Blocked by Oscar Klefbom.
16:09 of 2nd period - Off-side.
16:10 of 2nd period - John Tavares wins face-off versus Sergey Kalinin in neutral zone.
16:25 of 2nd period - Wrist shot by John Tavares.
16:25 of 2nd period - Goal by John Tavares - Penguins : 2 - Capitals : 4.
16:26 of 2nd period - John Tavares wins face-off versus Nicklas Backstrom in neutral zone.
16:30 of 2nd period - Icing by Brandon Gormley.
16:31 of 2nd period - John Tavares wins face-off versus Taylor Hall in Capitals zone.
16:32 of 2nd period - Slapshot by Mark Scheifele.
16:32 of 2nd period - Shot Blocked by Alexei Marchenko.
16:41 of 2nd period - Icing by Alexei Marchenko.
16:42 of 2nd period - Nicklas Backstrom wins face-off versus Mark Scheifele in Capitals zone.
16:42 of 2nd period - Nicklas Backstrom is hit by Mark Scheifele.
16:45 of 2nd period - Brandon Gormley is hit by Pavel Zacha.
17:32 of 2nd period - Snap shot by Brandon Tanev.
17:32 of 2nd period - Goal by Brandon Tanev - Penguins : 3 - Capitals : 4.
17:33 of 2nd period - John Tavares wins face-off versus Nicklas Backstrom in neutral zone.
17:36 of 2nd period - Slapshot by Oscar Klefbom.
17:36 of 2nd period - Deflect By John Tavares.
17:36 of 2nd period - Shot Misses the Net.
17:36 of 2nd period - Puck is out of play.
17:37 of 2nd period - Taylor Hall wins face-off versus John Tavares in Capitals zone.
17:39 of 2nd period - Minor Penalty to Mike Green for Hooking.
17:40 of 2nd period - John Tavares wins face-off versus Patrick Kane in Capitals zone.
17:44 of 2nd period - Wrist shot by John Tavares.
17:44 of 2nd period - Shot Blocked by Alexei Marchenko.
19:39 of 2nd period - Penalty to Mike Green is over, Mike Green is back on ice.
Goals for this period are 2 for Penguins vs 1 for Capitals.
Shots for this period are 8 for Penguins vs 17 for Capitals.

3rd period


0:01 of 3rd period - John Tavares wins face-off versus Patrick Kane in neutral zone.
0:08 of 3rd period - Wrist shot by Mark Scheifele.
0:08 of 3rd period - Shot Blocked by Brandon Gormley.
0:26 of 3rd period - Alexei Marchenko is hit by Kirill Kaprizov and loses puck.
0:33 of 3rd period - Slapshot by Brandon Gormley.
0:33 of 3rd period - Stopped by Jeremy Swayman without a rebound.
0:34 of 3rd period - John Tavares wins face-off versus Joe Colborne in Penguins zone.
0:39 of 3rd period - Adam Fox is hit by Joe Colborne and loses puck.
1:04 of 3rd period - Backhand shot by Patrick Kane.
1:04 of 3rd period - Stopped by Jeremy Swayman with a rebound.
1:22 of 3rd period - Slapshot by Tom Wilson.
1:22 of 3rd period - Shot Misses the Net.
1:24 of 3rd period - Snap shot by Marcus Foligno.
1:24 of 3rd period - Shot Blocked by Blake Pietila.
1:26 of 3rd period - Backhand shot by Oscar Klefbom.
1:26 of 3rd period - Shot Blocked by Alexei Marchenko.
1:28 of 3rd period - Slapshot by Adam Fox.
1:28 of 3rd period - Shot Misses the Net.
1:30 of 3rd period - Slapshot by Oscar Klefbom.
1:30 of 3rd period - Stopped by Cory Schneider with a rebound.
1:50 of 3rd period - Snap shot by Jeff Skinner.
1:50 of 3rd period - Shot Misses the Net.
1:52 of 3rd period - Wrist shot by Jerry D'Amigo.
1:52 of 3rd period - Stopped by Jeremy Swayman without a rebound.
1:53 of 3rd period - Taylor Hall wins face-off versus John Tavares in Penguins zone.
1:58 of 3rd period - Wrist shot by Taylor Hall.
1:58 of 3rd period - Deflect By Patrick Kane.
1:58 of 3rd period - Goal by Patrick Kane - Penguins : 3 - Capitals : 5.
1:59 of 3rd period - John Tavares wins face-off versus Nicklas Backstrom in neutral zone.
3:41 of 3rd period - Wrist shot by Patrick Kane.
3:41 of 3rd period - Stopped by Jeremy Swayman without a rebound.
3:42 of 3rd period - Mathew Barzal wins face-off versus Joe Colborne in Penguins zone.
3:55 of 3rd period - Slapshot by Kirill Kaprizov.
3:55 of 3rd period - Stopped by Cory Schneider with a rebound.
3:57 of 3rd period - Wrist shot by Mathew Barzal.
3:57 of 3rd period - Shot Blocked by Joe Colborne.
4:09 of 3rd period - Pavel Zacha is hit by Brandon Gormley and loses puck.
4:23 of 3rd period - Icing by John Tavares.
4:24 of 3rd period - John Tavares wins face-off versus Joe Colborne in Penguins zone.
5:15 of 3rd period - Snap shot by Marcus Foligno.
5:15 of 3rd period - Stopped by Cory Schneider with a rebound.
5:17 of 3rd period - Wrist shot by Tom Wilson.
5:17 of 3rd period - Shot Blocked by Cody Hodgson.
5:19 of 3rd period - Slapshot by Marcus Foligno.
5:19 of 3rd period - Shot Misses the Net.
5:21 of 3rd period - Slapshot by Jeff Carter.
5:21 of 3rd period - Stopped by Cory Schneider with a rebound.
5:23 of 3rd period - Slapshot by Adam Fox.
5:23 of 3rd period - Stopped by Cory Schneider with a rebound.
5:42 of 3rd period - Snap shot by Blake Pietila.
5:42 of 3rd period - Shot Misses the Net.
5:44 of 3rd period - Snap shot by Cody Hodgson.
5:44 of 3rd period - Stopped by Jeremy Swayman with a rebound.
5:46 of 3rd period - Snap shot by Blake Pietila.
5:46 of 3rd period - Shot Misses the Net.
6:13 of 3rd period - Snap shot by Blake Pietila.
6:13 of 3rd period - Stopped by Jeremy Swayman without a rebound.
6:14 of 3rd period - Nicklas Backstrom wins face-off versus Kirill Kaprizov in Penguins zone.
6:41 of 3rd period - Keith Aulie is hit by Jeff Skinner.
7:30 of 3rd period - Nick Leddy is hit by Brandon Burlon and loses puck.
7:49 of 3rd period - Shea Theodore is hit by Keith Aulie and loses puck.
8:01 of 3rd period - Alexei Marchenko is hit by Kirill Kaprizov and loses puck.
8:34 of 3rd period - Icing by Shea Theodore.
8:35 of 3rd period - John Tavares wins face-off versus Cody Hodgson in Capitals zone.
8:46 of 3rd period - Nick Blankenburg is hit by Brandon Burlon and loses puck.
9:29 of 3rd period - Tom Wilson is hit by Jerry D'Amigo and loses puck.
10:18 of 3rd period - Minor Penalty to Oscar Klefbom for Roughing.
10:19 of 3rd period - Mark Scheifele wins face-off versus Nicklas Backstrom in Penguins zone.
11:26 of 3rd period - Colin Wilson is hit by Taylor Hall and loses puck.
12:18 of 3rd period - Penalty to Oscar Klefbom is over, Oscar Klefbom is back on ice.
12:29 of 3rd period - Wrist shot by Kirill Kaprizov.
12:29 of 3rd period - Stopped by Cory Schneider without a rebound.
12:30 of 3rd period - Sergey Kalinin wins face-off versus Sebastian Aho in Capitals zone.
13:18 of 3rd period - Minor Penalty to Kirill Kaprizov for Tripping.
13:19 of 3rd period - Nicklas Backstrom wins face-off versus Mark Scheifele in Penguins zone.
13:19 of 3rd period - Snap shot by Taylor Hall.
13:19 of 3rd period - Stopped by Jeremy Swayman with a rebound.
14:10 of 3rd period - Keith Aulie is hit by Patrick Kane and loses puck.
15:18 of 3rd period - Penalty to Kirill Kaprizov is over, Kirill Kaprizov is back on ice.
16:04 of 3rd period - Shea Theodore is hit by Kirill Kaprizov and loses puck.
17:51 of 3rd period - Marko Dano is hit by Kirill Kaprizov and loses puck.
18:29 of 3rd period - Shea Theodore is hit by Tom Wilson and loses puck.
18:46 of 3rd period - Mathew Barzal is hit by Nicklas Backstrom and loses puck.
19:00 of 3rd period - Off-side.
19:01 of 3rd period - John Tavares wins face-off versus Cody Hodgson in neutral zone.
19:18 of 3rd period - Minor Penalty to John Tavares for Roughing.
19:19 of 3rd period - Mark Scheifele wins face-off versus Nicklas Backstrom in Penguins zone.
19:51 of 3rd period - Slapshot by Brandon Gormley.
19:51 of 3rd period - Deflect By Keith Aulie.
19:51 of 3rd period - Goal by Brandon Gormley - Penguins : 3 - Capitals : 6.
19:52 of 3rd period - John Tavares wins face-off versus Nicklas Backstrom in neutral zone.
Goals for this period are 0 for Penguins vs 2 for Capitals.
Shots for this period are 6 for Penguins vs 9 for Capitals.